 Dungeon Crawl Stone Soup version 0.20.1-1-g8b1a95d (webtiles) character file.

802 Nattfarinn the Covered (level 7, -3/44 HPs)
             Began as a Gargoyle Berserker on Aug 1, 2017.
             Was a Priest of Trog.
             Slain by Edmund
             ... wielding a +0 dire flail of distortion
              (10 damage)
             ... on level 4 of the Dungeon.
             The game lasted 00:06:18 (3366 turns).

Nattfarinn the Covered (Gargoyle Berserker)         Turns: 3366, Time: 00:06:19

Health: -3/44      AC: 11    Str: 25    XL:     7   Next: 91%
Magic:  0/7        EV: 12    Int:  7    God:    Trog [***...]
Gold:   183        SH:  0    Dex: 10    Spells: 6/6 levels left

rFire    x . .     SeeInvis .   t - +0 dagger (venom)
rCold    + . .     Gourm    .   (no shield)
rNeg     + . .     Faith    .   f - +0 ring mail
rPois    ∞         Spirit   +   (no helmet)
rElec    +         Reflect  .   j - scarf {Spirit}
rCorr    .         Harm     .   (no gloves)
MR       .....                  (no boots)
Stlth    ..........             (no amulet)
Regen    0.2/turn               e - +3 ring of strength
MPRegen  0.1/turn               p - ring of ice

@: no status effects
A: negative energy resistance 1, electricity resistance, unbreathing,
petrification resistance, rot immunity, AC +4
a: Berserk, Trog's Hand, Burn Spellbooks, Renounce Religion


You were on level 4 of the Dungeon.
You worshipped Trog.
Trog was most pleased with you.
You were hungry.

You visited 1 branch of the dungeon, and saw 4 of its levels.
You visited the Abyss 1 time.

You collected 183 gold pieces.

Inventory:

Hand Weapons
 a - a +0 mace
 t - a +0 dagger of venom (weapon)
Armour
 b - a +0 animal skin
 f - a +0 ring mail (worn)
 j - a scarf of spirit shield (worn)
Jewellery
 e - a +3 ring of strength (left hand)
 p - a ring of ice (right hand)
 A - an uncursed amulet of magic regeneration {unknown}
Scrolls
 d - a scroll of magic mapping {unknown}
 h - a scroll of recharging {unknown}
 l - 9 scrolls of identify {unknown}
 o - a scroll of immolation {unknown}
 s - 2 scrolls of teleportation {unknown}
 v - 2 scrolls of amnesia {unknown}
 x - a scroll of enchant weapon {unknown}
 z - a scroll of enchant armour {unknown}
Potions
 g - a potion of ambrosia {unknown}
 k - a potion of lignification {unknown}
 m - a potion of brilliance {unknown}
 q - a potion of mutation {unknown}
 r - 2 potions of agility
 u - 3 potions of curing {unknown}
Books
 y - a book of Maledictions

   Spells                             Type                      Level
   a - Corona                         Hexes                        1
   b - Ensorcelled Hibernation        Hexes/Ice                    2
   c - Confuse                        Hexes                        3
   d - Tukima's Dance                 Hexes                        3
   e - Dazzling Spray                 Conjuration/Hexes            3
   Trog disapproves of the use of such an item.
Comestibles
 c - a bread ration
 i - 2 chunks of flesh
 n - a royal jelly
 w - a meat ration


   Skills:
 * Level 5.4 Fighting
 + Level 2.7 Short Blades
 + Level 4.0 Maces & Flails
 * Level 6.0 Armour
 + Level 3.2 Dodging


You had 6 spell levels left.
You didn't know any spells.

Dungeon Overview and Level Annotations

Branches:
Dungeon (4/15)
 Temple: D:4-7

Altars:
Elyvilon

Annotations:
D:4 Edmund


Innate Abilities, Weirdness & Mutations

You are resistant to torment.
Your stone body is resilient. (AC +4)
You are immune to poison.
You resist negative energy. (rN+)
You are resistant to electric shocks. (rElec)
You can survive without breathing.
You are immune to petrification.
You are immune to rotting.


Message History

Edmund completely misses you.
A giant cockroach comes into view.
You hit Edmund but do no damage.
Edmund looks as sick as possible!
Edmund is severely wounded.
Edmund hits you but does no damage.
You blink.
The howler monkey skeleton closely misses you.
You hit the howler monkey skeleton.
The howler monkey skeleton is lightly damaged.
The giant cockroach bites you but does no damage.
The howler monkey skeleton closely misses you.
You hit the giant cockroach.
The giant cockroach is poisoned.
The giant cockroach is moderately wounded.
You kill the giant cockroach!
Trog accepts your kill.
You closely miss Edmund.
Edmund is almost dead.
Edmund hits you with a dire flail of distortion!
* * * LOW HITPOINT WARNING * * *
Space warps horribly around you!
You die...

# .>............. #
..........#.... #
..........# ..## #
?.......(.# ...# #
.......... #).## #
......... ###...#### #
........###...#....## #
#.....$.@@Z.........#.###
#.########.####..........
####.####..........
####...........>......
.....##.####..>.......
..............<.......
.......#...#.(........
.......###............
....... ##...........


You could see Edmund and a howler monkey skeleton.

Vanquished Creatures
  Grinder (D:3)
  Sigmund (D:2)
  A phantom (D:3)
  2 big kobolds (D:3)
  A worker ant (D:4)
  6 adders
  2 oozes (D:1)
  5 worms
  A dart slug (D:3)
  5 leopard geckos
  5 orcs (D:4)
  7 bats
  4 giant cockroaches
  10 goblins
  6 hobgoblins
  4 jackals (D:2)
  21 kobolds
  2 quokkas
  4 ball pythons
  4 frilled lizards
  7 rats
99 creatures vanquished.

Notes
Turn   | Place    | Note
-------+----------+-------------------------------------------
     0 | D:1      | Nattfarinn the Gargoyle Berserker began the quest for the Orb.
     0 | D:1      | Reached XP level 1. HP: 14/14 MP: 1/1
    73 | D:1      | Reached XP level 2. HP: 16/19 MP: 2/2
   351 | D:1      | Reached XP level 3. HP: 24/24 MP: 3/3
   975 | D:2      | Reached XP level 4. HP: 28/29 MP: 4/4
   988 | D:2      | Reached ** piety under Trog
  1215 | D:2      | Noticed Sigmund
  1251 | D:2      | Killed Sigmund
  1251 | D:2      | Reached skill level 1 in Short Blades
  1251 | D:2      | Reached skill level 4 in Armour
  1251 | D:2      | Reached XP level 5. HP: 25/34 MP: 1/5
  1251 | D:2      | Reached XP level 6. HP: 28/39 MP: 1/6
  2098 | D:3      | Reached *** piety under Trog
  2152 | D:3      | Reached XP level 7. HP: 36/44 MP: 4/7
  2281 | D:3      | Noticed Grinder
  2292 | D:3      | Paralysed by Grinder for 4 turns
  2307 | D:3      | Reached skill level 5 in Armour
  2334 | D:3      | Killed Grinder
  2334 | D:3      | Reached skill level 5 in Fighting
  2980 | D:3      | Found a white marble altar of Elyvilon.
  2985 | D:3      | Reached skill level 6 in Armour
  3287 | D:4      | Noticed Edmund
  3291 | D:4      | Cast into level 1 of the Abyss (Edmund)
  3333 | Abyss:1  | Noticed an efreet
  3345 | D:4      | Escaped the Abyss
  3366 | D:4      | Slain by Edmund

Skill      XL: |  1  2  3  4  5  6  7 |
---------------+----------------------+-----
Fighting       | 4 5 |  5.4
Short Blades   | 1 2 |  2.7
Armour         | 4 6 |  6.0
Dodging        | 2 3 |  3.2
Maces & Flails | 4 |  4.0

Action                   |  1- 3 |  4- 6 |  7- 9 || total
-------------------------+-------+-------+-------++-------
Melee: Mace              |   112 |       |       ||   112
       Dagger            |     5 |   185 |   182 ||   372
Invok: Berserk           |       |       |     2 ||     2
  Use: Potion            |       |     2 |     1 ||     3
  Eat: Chunk             |       |     4 |     6 ||    10
Armor: Animal skin       |     3 |       |       ||     3
       Ring mail         |    55 |   112 |    53 ||   220
Dodge: Dodged            |   107 |   141 |   112 ||   360
